 Dungeon Crawl Stone Soup version 0.27.0-1-g7a089689b8 (webtiles) character file.

Game seed: 17056420684334071299

9 SnakkuSnakku7 the Caller (level 1, 0/14 HPs)
             Began as a Demigod Summoner on Aug 3, 2021.
             Slain by a jackal (1 damage)
             ... on level 1 of the Dungeon.
             The game lasted 00:00:48 (1028 turns).

SnakkuSnakku7 the Caller (Demigod Summoner)         Turns: 1028, Time: 00:00:49

Health: 0/14       AC:  2    Str:  9    XL:     1   Next: 86%
Magic:  5/5        EV: 12    Int: 17    God:
Gold:   9          SH:  0    Dex: 14    Spells: 2/3 levels left

rFire    . . .     SeeInvis .   c - +0 club
rCold    . . .     Faith    .   (no shield)
rNeg     . . .     Spirit   .   a - +0 robe
rPois    .         Reflect  .   (no helmet)
rElec    .         Harm     .   (no cloak)
rCorr    .         Rampage  .   (no gloves)
Will     .....                  (no boots)
Stlth    ++........             (no amulet)
HPRegen  0.04/turn              (no ring)
MPRegen  0.09/turn              (no ring)

@: no status effects
A: high mp 1, forlorn
a: no special abilities


You were on level 1 of the Dungeon.
You visited 1 branch of the dungeon, and saw 1 of its levels.

You collected 9 gold pieces.

Inventory:

Hand Weapons
 c - a +0 club (weapon)
Armour
 a - a +0 robe (worn)
Scrolls
 b - a scroll of enchant weapon {unknown}


   Skills:
 - Level 1.7 Dodging
 - Level 1.7 Stealth
 - Level 1.7 Spellcasting
 + Level 4.1 Summonings


You had 2 spell levels left.
You knew the following spells:

 Your Spells              Type           Power      Damage    Failure   Level
a - Summon Small Mammal   Summ           60%        N/A       3%          1

Your spell library contained the following spells:

 Spells                   Type           Power      Damage    Failure   Level
 Call Imp                 Summ           15%        N/A       5%          2
 Call Canine Familiar     Summ           15%        N/A       11%         3
 Summon Guardian Golem    Hex/Summ       8%         N/A       26%         3
 Summon Lightning Spire   Summ/Air       8%         N/A       65%         4


Dungeon Overview and Level Annotations

Branches:
Dungeon (1/15)


Innate Abilities, Weirdness & Mutations

Your attributes grow dramatically as you level up.
You have an increased reservoir of magic. (+10% MP)
You shall have no god before yourself.


Message History

There is a dry fountain here.
There is an empty arch of ancient stone here.
There is a faded altar of an unknown god here.
Casting: Summon Small Mammal (safe; 3% risk of failure)
Confirm with . or Enter, or press ? or * to list all spells.
The kobold misses you.
A jackal comes into view.
You barely miss the kobold. The kobold closely misses you.
Your rat barely misses the kobold.
You hit the kobold.
The kobold is severely wounded.
The kobold hits you with a +0 whip.
Your rat closely misses the kobold.
The kobold barely misses you.
Unknown command.
You closely miss the kobold.
The kobold is severely wounded.
Your rat closely misses the kobold.
The kobold barely misses you.
The endoplasm jiggles.
You hit the kobold.
You kill the kobold!
Your Summonings skill increases to level 4!
You hit the endoplasm but do no damage. The endoplasm freezes you.
You are frozen.
Your rat bites the endoplasm.
You are too injured to fight recklessly!
You are too injured to fight recklessly!
You are too injured to fight recklessly!
You hit the endoplasm.
The endoplasm is moderately wounded.
The endoplasm freezes you.
You are frozen.
* * * LOW HITPOINT WARNING * * *
Your rat bites the endoplasm.
The endoplasm misses you.
You hit the endoplasm.
You kill the endoplasm!
The jackal misses you.
Your rat bites the jackal.
The jackal completely misses you. The jackal bites your rat.
Your rat misses the jackal.
Your rat closely misses the jackal.
The jackal bites you.
You die...

#.#...#_#8#)....#
###.⌠..###..÷...#
#..⌠.8######..#
#.#...#........#
#..###)r#####.## #..##.##h#
#.# .... ...#h#####.# ###
#.#h......# #..@.######
##...# #.>.# ###.# #####
#.# #...# #.#
##.<.##########.#######
#....#.#...............
#.####.#.######.###########


You could see 3 jackals and a friendly rat (summoned).

Vanquished Creatures
  An endoplasm (D:1)
  A goblin (D:1)
  A ball python (D:1)
  A bat (D:1)
  2 kobolds (D:1)
6 creatures vanquished.

Vanquished Creatures (collateral kills)
  An endoplasm (D:1)
  A hobgoblin (D:1)
2 creatures vanquished.

Grand Total: 8 creatures vanquished

Notes
Turn   | Place    | Note
-------+----------+-------------------------------------------
     0 | D:1      | SnakkuSnakku7 the Demigod Summoner began the quest for the
                  | Orb.
     0 | D:1      | Reached XP level 1. HP: 14/14 MP: 5/5
  1023 | D:1      | Reached skill level 4 in Summonings
  1028 | D:1      | Slain by a jackal

Illustrated notes

Levels and vault maps discovered:
D:1:      amcnicky_arrival_single_pillar, layout_basic, serial_shops,
          nicolae_shop_crystal, shapermc_ecumenical_altar_venn, minmay_ruptured

Skill      XL: |  1 |
---------------+----+-----
Summonings     | 4 |  4.1
Dodging        | |  1.7
Stealth        | |  1.7
Spellcasting   | |  1.7

Action                   || total
-------------------------++-------
Melee: Unarmed           ||    44
       Club              ||    20
 Cast: Summon Small Mamm ||     5
 Stab: Sleeping          ||     1
Armor: Robe              ||    11
Dodge: Dodged            ||    50
